SA
PROVO MANGO @ HAMMOND HERONS
06/22/2031
 
TOP OF THE 1ST
Provo Mango batting - Pitching for Hammond Herons : RHP Sjelle Matena
Pitching: RHP Sjelle Matena
Batting: LHB Tom Haymon 0-0: Ball
1-0: Ball
2-0: Ball
3-0: Base on Balls
Batting: RHB Gerardo Vázquez 0-0: Ball
1-0: Grounds into double play, 4-6-3 (Groundball, 4)
Batting: RHB Mario van Heijbeeck 0-0: Ball
1-0: Fly out, F8 (Flyball, 8RD)
Top of the 1st over - 0 runs, 0 hits, 0 errors, 0 left on base; Provo 0 - Hammond 0
BOTTOM OF THE 1ST
Hammond Herons batting - Pitching for Provo Mango : RHP Dennis Blanchard
Pitching: RHP Dennis Blanchard
Batting: RHB Dallas Jiménez 0-0: Ground out 6-3 (Groundball, 6D)
Batting: RHB Sean Sherman 0-0: Called Strike
0-1: Ball
1-1: Ball
2-1: Fly out, F5 (Line Drive, 5)
Batting: RHB José Álvarez 0-0: Foul Ball, location: 2F
0-1: Swinging Strike
0-2: Ball
1-2: Strikes out swinging
Bottom of the 1st over - 0 runs, 0 hits, 0 errors, 0 left on base; Provo 0 - Hammond 0
TOP OF THE 2ND
Provo Mango batting - Pitching for Hammond Herons : RHP Sjelle Matena
Batting: RHB Quindarious Monday 0-0: Ball
1-0: Ball
2-0: Ball
3-0: Called Strike
3-1: Fly out, F7 (Flyball, 7LS)
Batting: RHB Shihei Kichikawa 0-0: Called Strike
0-1: Ball
1-1: Swinging Strike
1-2: Ball
2-2: Strikes out swinging
Batting: RHB Oliver Burrell 0-0: Foul Ball, location: 2F
0-1: Ball
1-1: Foul Ball, location: 2F
1-2: Ground out 6-3 (Groundball, 6D)
Top of the 2nd over - 0 runs, 0 hits, 0 errors, 0 left on base; Provo 0 - Hammond 0
BOTTOM OF THE 2ND
Hammond Herons batting - Pitching for Provo Mango : RHP Dennis Blanchard
Batting: RHB Marvin Overbeek 0-0: Called Strike
0-1: Foul Ball, location: 2F
0-2: Strikes out swinging
Batting: RHB Tonito Lamoste 0-0: SINGLE (Flyball, 7S)
Batting: RHB Ju-wei Huang 0-0: Ball
1-0: Ball
2-0: Grounds into double play, 4-6-3 (Groundball, 4)
Bottom of the 2nd over - 0 runs, 1 hit, 0 errors, 0 left on base; Provo 0 - Hammond 0
TOP OF THE 3RD
Provo Mango batting - Pitching for Hammond Herons : RHP Sjelle Matena
Batting: RHB Sun-jae Kwak 0-0: Ball
1-0: SINGLE (Groundball, 56D)
Batting: RHB Freedon Akinmoladun 0-0: SINGLE (Flyball, 9LS)
Sun-jae Kwak to second
Runner from 2nd tries for 3rd, SAFE, throw made to third
Batting: LHB Matt Palmer 0-0: Bunted foul
0-1: Called Strike
0-2: Ball
1-2: Foul Ball, location: 2F
1-2: Foul Ball, location: 2F
1-2: Foul Ball, location: 2F
1-2: Strikes out looking
Batting: LHB Tom Haymon 0-0: Foul Ball, location: 2F
0-1: Ball
1-1: Foul Ball, location: 2F
1-2: Ball
2-2: Foul Ball, location: 2F
2-2: SINGLE (Flyball, 78S)
Sun-jae Kwak scores
Freedon Akinmoladun to second
Batting: RHB Gerardo Vázquez 0-0: Swinging Strike
0-1: SINGLE (Flyball, 9LS)
Freedon Akinmoladun to third
Tom Haymon to second
Runner from 3rd tries for Home, SAFE, no throw
Batting: RHB Mario van Heijbeeck 0-0: Called Strike
0-1: Ball
1-1: Called Strike
1-2: Ball
2-2: Ball
3-2: Fly out, F8 (Line Drive, 8LM)
Batting: RHB Quindarious Monday 0-0: Foul Ball, location: 2F
0-1: Foul Ball, location: 2F
0-2: SINGLE (Line Drive, 89M)
Tom Haymon to third
Gerardo Vázquez to second
Runner from 3rd tries for Home, SAFE, no throw
Batting: RHB Shihei Kichikawa 0-0: Ball
1-0: Ball
2-0: Ball
3-0: Called Strike
3-1: Foul Ball, location: 2F
3-2: Base on Balls
Gerardo Vázquez to third
Quindarious Monday to second
Batting: RHB Oliver Burrell 0-0: Called Strike
0-1: Ball
1-1: SINGLE (Groundball, 34D)
Gerardo Vázquez scores
Quindarious Monday to third
Shihei Kichikawa to second
Runner from 3rd tries for Home, SAFE, no throw
Batting: RHB Sun-jae Kwak 0-0: Called Strike
0-1: Fielders Choice at 2nd, 5-4 (Groundball, 5)
Top of the 3rd over - 5 runs, 6 hits, 0 errors, 2 left on base; Provo 5 - Hammond 0
BOTTOM OF THE 3RD
Hammond Herons batting - Pitching for Provo Mango : RHP Dennis Blanchard
Batting: RHB Hans Rager 0-0: Ball
1-0: Ball
2-0: Ground out 5-3 (Groundball, 56S)
Batting: RHB Jen-ta Men 0-0: Called Strike
0-1: Ground out 6-3 (Groundball, 6)
Batting: SHB Tom Hegedus 0-0: Swinging Strike
0-1: Foul Ball, location: 2F
0-2: Strikes out looking
Bottom of the 3rd over - 0 runs, 0 hits, 0 errors, 0 left on base; Provo 5 - Hammond 0
TOP OF THE 4TH
Provo Mango batting - Pitching for Hammond Herons : RHP Sjelle Matena
Batting: RHB Freedon Akinmoladun 0-0: Ball
1-0: DOUBLE (Flyball, 89XD)
Batting: LHB Matt Palmer 0-0: Called Strike
0-1: Ball
1-1: DOUBLE (Line Drive, 9LS)
Freedon Akinmoladun scores
Batting: LHB Tom Haymon 0-0: Ball
1-0: Ball
2-0: Ball
3-0: Base on Balls
Batting: RHB Gerardo Vázquez 0-0: Called Strike
0-1: Ball
1-1: Fly out, F8 (Flyball, 8LD)
Batting: RHB Mario van Heijbeeck 0-0: SINGLE (Flyball, 8LM)
Matt Palmer to third
Tom Haymon to second
Runner from 3rd tries for Home, SAFE, no throw
Batting: RHB Quindarious Monday 0-0: DOUBLE (Line Drive, 7D)
Tom Haymon scores
Mario van Heijbeeck to third
Runner from 3rd tries for Home, SAFE, throw made at trailing runner, SAFE at third!
Batting: RHB Shihei Kichikawa 0-0: Ball
1-0: Ball
2-0: Foul Ball, location: 2F
2-1: Foul Ball, location: 2F
2-2: Ball
Passed Ball!
Quindarious Monday scores
3-2: Ground out 1-3 (Groundball, 15)
Batting: RHB Oliver Burrell 0-0: Called Strike
0-1: Foul Ball, location: 2F
0-2: SINGLE (Line Drive, 7LS)
Batting: RHB Sun-jae Kwak 0-0: Called Strike
0-1: Ball
1-1: Ground out 5-3 (Groundball, 56S)
Top of the 4th over - 5 runs, 5 hits, 0 errors, 1 left on base; Provo 10 - Hammond 0
BOTTOM OF THE 4TH
Hammond Herons batting - Pitching for Provo Mango : RHP Dennis Blanchard
Batting: RHB Dallas Jiménez 0-0: Hit by Pitch
Batting: RHB Sean Sherman 0-0: Ball
1-0: Ball
2-0: Fielders Choice at 2nd, 6-4 (Groundball, 6)
Batting: RHB José Álvarez 0-0: Called Strike
0-1: Ball
1-1: Ball
2-1: Ground out U3 (Groundball, 34S)
Sean Sherman to second
Batting: RHB Marvin Overbeek 0-0: Ball
1-0: Foul Ball, location: 2F
1-1: Ball
2-1: Swinging Strike
2-2: Ground out 5-3 (Groundball, 56)
Bottom of the 4th over - 0 runs, 0 hits, 0 errors, 1 left on base; Provo 10 - Hammond 0
TOP OF THE 5TH
Provo Mango batting - Pitching for Hammond Herons : RHP Sjelle Matena
Batting: RHB Freedon Akinmoladun 0-0: Ball
1-0: SINGLE (Line Drive, 89S)
Batting: LHB Matt Palmer 0-0: Called Strike
0-1: Called Strike
0-2: Foul Ball, location: 2F
0-2: Foul Ball, location: 2F
0-2: Strikes out swinging
Batting: LHB Tom Haymon 0-0: Called Strike
0-1: Ball
1-1: Foul Ball, location: 2F
1-2: Strikes out swinging
Batting: RHB Gerardo Vázquez 0-0: Called Strike
0-1: Foul Ball, location: 2F
0-2: Strikes out looking
Top of the 5th over - 0 runs, 1 hit, 0 errors, 1 left on base; Provo 10 - Hammond 0
BOTTOM OF THE 5TH
Hammond Herons batting - Pitching for Provo Mango : RHP Dennis Blanchard
Batting: RHB Tonito Lamoste 0-0: Ball
1-0: Called Strike
1-1: Ball
2-1: Foul Ball, location: 2F
2-2: Ground out U3 (Groundball, 3)
Batting: RHB Ju-wei Huang 0-0: Foul Ball, location: 2F
0-1: Ball
1-1: Ground out 3-1 (Groundball, 34)
Batting: RHB Hans Rager 0-0: Ball
1-0: Foul Ball, location: 2F
1-1: Called Strike
1-2: Ball
2-2: Strikes out looking
Bottom of the 5th over - 0 runs, 0 hits, 0 errors, 0 left on base; Provo 10 - Hammond 0
TOP OF THE 6TH
Provo Mango batting - Pitching for Hammond Herons : RHP Sjelle Matena
Batting: RHB Mario van Heijbeeck 0-0: Ground out 4-3 (Groundball, 4)
Batting: RHB Quindarious Monday 0-0: Fly out, F3 (Popup, 3SF)
Batting: RHB Shihei Kichikawa 0-0: Called Strike
0-1: Ball
1-1: Ball
2-1: SINGLE (Line Drive, 78S)
Batting: RHB Oliver Burrell 0-0: Ball
1-0: Ball
2-0: Called Strike
2-1: Fly out, F7 (Flyball, 7D)
Top of the 6th over - 0 runs, 1 hit, 0 errors, 1 left on base; Provo 10 - Hammond 0
BOTTOM OF THE 6TH
Hammond Herons batting - Pitching for Provo Mango : RHP Dennis Blanchard
Batting: RHB Jen-ta Men 0-0: Ground out 6-3 (Groundball, 6)
Batting: SHB Tom Hegedus 0-0: Ball
1-0: Foul Ball, location: 2F
1-1: Ball
2-1: Foul Ball, location: 2F
2-2: Strikes out swinging
Batting: RHB Dallas Jiménez 0-0: SINGLE (Flyball, 4D)
Batting: RHB Sean Sherman 0-0: Ball
1-0: Fly out, F5 (Popup, 5S)
Bottom of the 6th over - 0 runs, 1 hit, 0 errors, 1 left on base; Provo 10 - Hammond 0
TOP OF THE 7TH
Provo Mango batting - Pitching for Hammond Herons : RHP Sjelle Matena
Batting: RHB Sun-jae Kwak 0-0: Ball
1-0: Ball
2-0: Ball
3-0: Base on Balls
Pitching: RHP Sun Kwan
Batting: RHB Freedon Akinmoladun 0-0: Ball
1-0: Ball
2-0: SINGLE (Flyball, 7LS)
Sun-jae Kwak to second
Batting: LHB Matt Palmer 0-0: Fielders Choice at 2nd, 3-6 (Groundball, 34)
Sun-jae Kwak to third
Batting: LHB Tom Haymon 0-0: Ball
Matt Palmer steals 2nd base
1-0: Ball
2-0: Foul Ball, location: 2F
2-1: Foul Ball, location: 2F
2-2: Foul Ball, location: 2F
2-2: Foul Ball, location: 2F
2-2: Ball
3-2: Foul Ball, location: 2F
3-2: SINGLE (Groundball, 34D)
Sun-jae Kwak scores
Matt Palmer to third
Runner from 3rd tries for Home, SAFE, no throw
Batting: RHB Gerardo Vázquez 0-0: Called Strike
0-1: Swinging Strike
0-2: Ground out 6-3 (Groundball, 6MS)
Tom Haymon to second
Batting: RHB Mario van Heijbeeck 0-0: Ball
1-0: Ball
2-0: Ball
Passed Ball!
Tom Haymon to third
3-0: Base on Balls
Batting: RHB Quindarious Monday 0-0: Ball
1-0: SINGLE (Line Drive, 78S)
Tom Haymon scores
Mario van Heijbeeck to second
Batting: RHB Shihei Kichikawa 0-0: Ball
1-0: SINGLE (Flyball, 8LS)
Mario van Heijbeeck to third
Quindarious Monday to second
Runner from 3rd tries for Home, SAFE, no throw
Batting: RHB Oliver Burrell 0-0: Foul Ball, location: 2F
0-1: Called Strike
0-2: Ball
1-2: Ball
2-2: Ball
3-2: Foul Ball, location: 2F
3-2: Base on Balls
Quindarious Monday to third
Shihei Kichikawa to second
Batting: RHB Sun-jae Kwak 0-0: Called Strike
0-1: Called Strike
0-2: Ball
1-2: Ground out 6-3 (Groundball, 56)
Top of the 7th over - 4 runs, 4 hits, 0 errors, 3 left on base; Provo 14 - Hammond 0
BOTTOM OF THE 7TH
Hammond Herons batting - Pitching for Provo Mango : RHP Dennis Blanchard
Batting: RHB José Álvarez 0-0: Called Strike
0-1: Foul Ball, location: 2F
0-2: Ball
1-2: Foul Ball, location: 2F
1-2: Ball
2-2: Fly out, F7 (Flyball, 7)
Batting: RHB Marvin Overbeek 0-0: Called Strike
0-1: Swinging Strike
0-2: Ball
1-2: Ball
2-2: Strikes out swinging
Batting: RHB Tonito Lamoste 0-0: Called Strike
0-1: Foul Ball, location: 2F
0-2: Strikes out swinging
Bottom of the 7th over - 0 runs, 0 hits, 0 errors, 0 left on base; Provo 14 - Hammond 0
TOP OF THE 8TH
Provo Mango batting - Pitching for Hammond Herons : RHP Sun Kwan
Batting: RHB Freedon Akinmoladun 0-0: Foul Ball, location: 2F
0-1: Foul Ball, location: 2F
0-2: Ball
1-2: Fly out, F4 (Line Drive, 4M)
Batting: LHB Matt Palmer 0-0: Ball
1-0: TRIPLE (Flyball, 78D)
Batting: LHB Tom Haymon 0-0: Swinging Strike
0-1: Foul Ball, location: 2F
0-2: Ball
1-2: Ball
2-2: Foul Ball, location: 2F
2-2: Ball
3-2: Single, Error in OF, E8, batter to second base
Matt Palmer scores
Batting: RHB Gerardo Vázquez 0-0: Called Strike
0-1: Ball
1-1: Swinging Strike
1-2: Ball
2-2: Strikes out swinging
Batting: RHB Mario van Heijbeeck 0-0: Called Strike
0-1: Foul Ball, location: 2F
0-2: Ball
1-2: Fly out, F8 (Flyball, 8RM)
Top of the 8th over - 1 run, 2 hits, 1 error, 1 left on base; Provo 15 - Hammond 0
BOTTOM OF THE 8TH
Hammond Herons batting - Pitching for Provo Mango : RHP Dennis Blanchard
Now in LF: Xi-ku See-to
Batting: RHB Ju-wei Huang 0-0: Called Strike
0-1: Ball
1-1: Foul Ball, location: 2F
1-2: SINGLE (Flyball, 9S)
Batting: RHB Hans Rager 0-0: Ball
1-0: Ball
2-0: Ball
3-0: Called Strike
3-1: Foul Ball, location: 2F
3-2: Base on Balls
Ju-wei Huang to second
Batting: RHB Jen-ta Men 0-0: Swinging Strike
0-1: Foul Ball, location: 2F
0-2: Foul Ball, location: 2F
0-2: Ball
1-2: Strikes out swinging
Batting: SHB Tom Hegedus 0-0: Ball
1-0: Ball
2-0: Ball
3-0: Base on Balls
Ju-wei Huang to third
Hans Rager to second
Batting: RHB Dallas Jiménez 0-0: Called Strike
0-1: Foul Ball, location: 2F
0-2: Grounds into double play, 5-4-3 (Groundball, 5)
Bottom of the 8th over - 0 runs, 1 hit, 0 errors, 2 left on base; Provo 15 - Hammond 0
TOP OF THE 9TH
Provo Mango batting - Pitching for Hammond Herons : RHP Sun Kwan
Batting: RHB Quindarious Monday 0-0: Ball
1-0: Foul Ball, location: 2F
1-1: Swinging Strike
1-2: Ball
2-2: Ball
3-2: Foul Ball, location: 2F
3-2: Strikes out swinging
Batting: RHB Shihei Kichikawa 0-0: Foul Ball, location: 2F
0-1: Fly out, F9 (Flyball, 89M)
Batting: RHB Oliver Burrell 0-0: Ball
1-0: Ball
2-0: Called Strike
2-1: Foul Ball, location: 2F
2-2: Ground out 6-3 (Groundball, 56)
Top of the 9th over - 0 runs, 0 hits, 0 errors, 0 left on base; Provo 15 - Hammond 0
BOTTOM OF THE 9TH
Hammond Herons batting - Pitching for Provo Mango : RHP Dennis Blanchard
Now in RF: Alejandro Mingo
Batting: RHB Sean Sherman 0-0: SOLO HOME RUN (Flyball, 7D), Distance : 362 ft
Batting: RHB José Álvarez 0-0: Ball
1-0: Called Strike
1-1: Ground out 6-3 (Groundball, 6)
Batting: RHB Marvin Overbeek 0-0: Ball
1-0: Foul Ball, location: 2F
1-1: Foul Ball, location: 2F
1-2: Ground out 2-3 (Groundball, 2L)
Batting: RHB Tonito Lamoste 0-0: Called Strike
0-1: Called Strike
0-2: Strikes out swinging
Bottom of the 9th over - 1 run, 1 hit, 0 errors, 0 left on base; Provo 15 - Hammond 1
Tuesday, June 12th, 2018 - OOTP Baseball 18.8 Build 76